 Dungeon Crawl Stone Soup version 0.27.0-1-g7a089689b8 (webtiles) character file.

Game seed: 15397447862735838206

55717 ZombieSheep the Spear-Bearer (level 14, 0/113 HPs)
             Began as a Gnoll Wanderer on Aug 6, 2021.
             Was the Champion of Fedhas.
             Slain by Jorgrun (5 damage)
             ... while petrified by Jorgrun
             ... on level 15 of the Dungeon.
             The game lasted 00:53:00 (22238 turns).

ZombieSheep the Spear-Bearer (Gnoll Wanderer)      Turns: 22238, Time: 00:53:01

Health: 0/113      AC: 17    Str: 15    XL:     14   Next: 78%
Magic:  27/27      EV: -1    Int: 13    God:    Fedhas [******]
Gold:   1371       SH:  0    Dex: 19    Spells: 26/32 levels left

rFire    . . .     SeeInvis .   a - +10 rapier "Pecel" {drain, rPois rCorr Dex+7}
rCold    . . .     Faith    .   i - +0 buckler
rNeg     + + +     Spirit   .   U - +1 troll leather armour {Snorg}
rPois    ∞         Reflect  +   N - +0 helmet
rElec    .         Harm     .   l - +0 cloak
rCorr    +         Rampage  .   n - +0 pair of gloves
Will     +....                  s - +1 pair of boots
Stlth    ++++......             V - amulet of reflection
HPRegen  1.28/turn              r - +4 ring of protection
MPRegen  0.20/turn              x - +4 ring of slaying

@: petrified, grasped by roots, constricted
A: fangs 1, strong nose, distributed training
a: Renounce Religion, Wall of Briars, Grow Ballistomycete, Overgrow, Grow Oklob


You were on level 15 of the Dungeon.
You worshipped Fedhas.
Fedhas was exalted by your worship.
You visited 2 branches of the dungeon, and saw 20 of its levels.

You collected 1371 gold pieces.

Inventory:

Hand Weapons
 a - the +10 rapier "Pecel" (weapon) {drain, rPois rCorr Dex+7}
   (You found it on level 4 of the Dungeon)

   A truly terrible weapon, it drains the life of any living foe it strikes.
   Dex:       It affects your dexterity (+7).
   rPois:     It protects you from poison.
   rCorr:     It protects you from acid and corrosion.
 b - a +0 hand crossbow
 k - a +2 dagger of venom
 v - a +2 war axe
 z - a +2 hand axe of freezing
 G - a +4 antimagic spear
 K - a +1 scimitar of flaming
Missiles
 u - 15 javelins (quivered)
 D - 79 bolts
 O - 4 throwing nets
Armour
 g - +0 acid dragon scales
 i - a +0 buckler (worn)
 l - a +0 cloak (worn)
 n - a +0 pair of gloves (worn)
 s - a +1 pair of boots (worn)
 N - a +0 helmet (worn)
 U - a +1 troll leather armour (worn) {Snorg}
Jewellery
 p - the ring "Kienaur" {rElec rPois rC- Str+2}
   (You found it on level 6 of the Lair of Beasts)

   [ring of poison resistance]

   Str:       It affects your strength (+2).
   rC:        It makes you vulnerable to cold.
   rElec:     It insulates you from electricity.
   rPois:     It protects you from poison.
 r - a +4 ring of protection (left hand)
 x - a +4 ring of slaying (right hand)
 J - a ring of see invisible
 L - the ring of Uskayaw's Reproof {rElec Int+6 SInv}
   (You acquired it on level 9 of the Dungeon)

   [ring of intelligence]

   Int:       It affects your intelligence (+6).
   rElec:     It insulates you from electricity.
   SInv:      It lets you see invisible.
 R - a ring of flight
 V - an amulet of reflection (around neck)
Wands
 d - a wand of digging (14)
 q - a wand of acid (4)
 t - a wand of mindburst (26)
 S - a wand of iceblast (20)
 T - a wand of flame (47)
 W - a wand of polymorph (16)
 Y - a wand of charming (19)
Scrolls
 f - a scroll of magic mapping
 m - 3 scrolls of amnesia
 w - a scroll of holy word
 y - 3 scrolls of blinking
 A - a scroll of silence
 B - 3 scrolls of teleportation
 C - a scroll of enchant armour
 F - 4 scrolls of fear
 X - 2 scrolls of identify
 Z - a scroll of enchant weapon
Potions
 c - a potion of resistance
 e - 2 potions of berserk rage
 h - a potion of cancellation
 j - 4 potions of flight
 o - 2 potions of lignification
 E - a potion of heal wounds
 H - a potion of haste
 M - a potion of might
 P - a potion of mutation
 Q - 5 potions of curing


   Skills:
 + Level 11.3 Fighting
 + Level 9.5 Short Blades
 + Level 9.5 Long Blades
 + Level 9.8 Axes
 + Level 9.5 Maces & Flails
 + Level 11.3 Polearms
 + Level 9.5 Staves
 + Level 9.5 Slings
 + Level 9.5 Bows
 + Level 9.5 Crossbows
 + Level 10.5 Throwing
 + Level 9.8 Armour
 + Level 9.5 Dodging
 + Level 9.5 Stealth
 + Level 9.5 Shields
 + Level 9.5 Unarmed Combat
 + Level 9.5 Spellcasting
 + Level 7.9 Conjurations
 + Level 7.9 Hexes
 + Level 7.9 Summonings
 + Level 7.9 Necromancy
 + Level 7.9 Translocations
 + Level 7.9 Transmutations
 + Level 7.9 Fire Magic
 + Level 7.9 Ice Magic
 + Level 7.9 Air Magic
 + Level 7.9 Earth Magic
 + Level 7.9 Poison Magic
 + Level 10.3 Invocations
 + Level 9.5 Evocations


You had 26 spell levels left.
You knew the following spells:

 Your Spells              Type           Power      Damage    Failure   Level
a - Mephitic Cloud        Conj/Pois/Air  26%        N/A       1%          3
b - Dazzling Flash        Conj/Hex       52%        N/A       1%          3

Your spell library contained the following spells:

 Spells                   Type           Power      Damage    Failure   Level
 Animate Skeleton         Necr           52%        N/A       1%          1
 Magic Dart               Conj           100%       1d8       1%          1
 Pain                     Necr           100%       1d9       1%          1
 Shock                    Conj/Air       100%       1d9       1%          1
 Call Imp                 Summ           26%        N/A       1%          2
 Searing Ray              Conj           52%        3d5       1%          2
 Slow                     Hex            26%        N/A       1%          2
 Sublimation of Blood     Necr           13%        N/A       1%          2
 Wereblood                Tmut           26%        N/A       1%          2
 Confusing Touch          Hex            26%        N/A       1%          3
 Gell's Gravitas          Tloc           13%        N/A       1%          3
 Lesser Beckoning         Tloc           13%        N/A       1%          3
 Ozocubu's Armour         Ice            26%        N/A       1%          3
 Portal Projectile        Hex/Tloc       52%        N/A       1%          3
 Swiftness                Air            26%        N/A       1%          3
 Teleport Other           Tloc           26%        N/A       1%          3
 Vampiric Draining        Necr           13%        2d7       1%          3
 Airstrike                Air            13%        N/A       5%          4
 Animate Armour           Summ/Erth      52%        N/A       5%          4
 Fulminant Prism          Conj/Hex       13%        3d9       5%          4
 Iskenderun's Mystic Bla  Conj/Tloc      26%        2d7       5%          4
 Olgreb's Toxic Radiance  Pois           26%        N/A       5%          4
 Blade Hands              Tmut           13%        N/A       14%         5
 Excruciating Wounds      Necr           13%        N/A       14%         5
 Fireball                 Conj/Fire      13%        3d7       14%         5
 Freezing Cloud           Conj/Ice/Air   13%        6-21      14%         5
 Iskenderun's Battlesphe  Conj           26%        2d8       14%         5
 Conjure Ball Lightning   Conj/Air       13%        3x3d6     63%         6
 Dispersal                Tloc           13%        N/A       63%         6
 Iron Shot                Conj/Erth      13%        9d3       63%         6
 Simulacrum               Ice/Necr       13%        N/A       63%         6
 Starburst                Conj/Fire      13%        8x6d5     63%         6
 Orb of Destruction       Conj           13%        9d6       99%         7
 Ozocubu's Refrigeration  Ice            13%        4d7       99%         7
 Summon Hydra             Summ           13%        N/A       99%         7
 Ignition                 Fire           13%        3d6       100%        8
 Polar Vortex             Ice            13%        N/A       100%        9


Dungeon Overview and Level Annotations

Branches:
Dungeon (13/15)            Temple (0/1) D:7            Lair (6/6) D:11
 Shoals (0/4) Lair:4       Spider (0/4) Lair:2        Slime (0/5) Lair:6
    Orc (0/2) D:10
 Vaults: D:13-14

Altars:
Dithmenos
Elyvilon
Fedhas
Hepliaklqana
Makhleb
Okawaru
Sif Muna
Trog
Uskayaw
Wu Jian
Xom
Zin
Jiyva

Shops:
D:10 (

Portals:
Trove: D:10 (give 4 potions of resistance)

Annotations:
D:10 5 runed translucent doors
D:13 Kirke
D:15 Jorgrun


Innate Abilities, Weirdness & Mutations

You have very sharp teeth.
Your uncanny sense of smell can sniff out nearby items.
Your experience applies equally to all skills.


Message History

Jorgrun is moderately wounded.
You closely miss Jorgrun.
Jorgrun is moderately wounded.
Jorgrun gestures at you while chanting.
Roots burst forth from the earth!
The grasping roots grab you! The grasping roots constrict you.
You completely miss Jorgrun.
Jorgrun is moderately wounded.
You block Jorgrun's attack. The grasping roots constrict you!
You closely miss Jorgrun.
Jorgrun is moderately wounded.
Jorgrun points at you and mumbles some strange words.
You are slowing down.
The grasping roots constrict you!
You puncture Jorgrun!
Jorgrun is moderately wounded.
Jorgrun hits you with a staff of earth! The grasping roots constrict you.
Your limbs are stiffening.
You barely miss Jorgrun.
Jorgrun is moderately wounded.
Jorgrun hits you with a staff of earth! The grasping roots constrict you.
You have turned to stone.
Jorgrun gestures at you while chanting. The iron shot hits you!!
The grasping roots constrict you! Jorgrun hits you with a staff of earth.
Jorgrun shatters you! The grasping roots constrict you.
Jorgrun hits you but does no damage. The grasping roots constrict you.
Jorgrun hits you with a staff of earth. The grasping roots constrict you!
Jorgrun says, "May tha earth consume ye!"
Jorgrun hits you but does no damage. The grasping roots constrict you!
Jorgrun hits you with a staff of earth! The grasping roots constrict you!
Jorgrun casts a spell at you. The iron shot hits you!!!
* * * LOW HITPOINT WARNING * * *
x2 The grasping roots constrict you!
Jorgrun hits you with a staff of earth.
* * * LOW HITPOINT WARNING * * *
You die...
Fedhas appreciates your contribution to the ecosystem.

.### .. ....## ..
......# .# .......
.# .......######.###
.....:...?.#....###
..................##
...?..###...@g.....#
..... ##........##
.... #........# ...
#.........# ..
#..........# .
...........#
#...........#
#...........#


You could see Jorgrun (resistant, drained).

Vanquished Creatures
  A dire elephant (Lair:6)
  Snorg (Lair:3)
  7 hydras
  Harold (Lair:1)
  Erica (D:9)
  A catoblepas (Lair:6)
  3 boulder beetles
  3 two-headed ogres
  A deep troll shaman (Lair:6)
  10 death yaks
  Urug (D:11)
  A lindwurm (Lair:3)
  A deep elf pyromancer (D:11)
  2 manticores
  3 ugly things
  4 cyclopes
  12 elephants
  Joseph (Lair:1)
  A gargoyle (D:11)
  2 unseen horrors
  A merfolk siren (Lair:4)
  13 cane toads
  7 komodo dragons
  A tengu conjurer (D:13)
  3 trolls
  7 polar bears
  6 dream sheep (Lair:6)
  Prince Ribbit (D:6)
  8 blink frogs (Lair:6)
  Sigmund (D:4)
  A shadow (D:11)
  A vampire (D:13)
  5 wyverns (Lair:5)
  2 basilisks
  22 yaks
  6 wraiths
  2 steam dragons
  Grum (Lair:1)
  A vampire mosquito (D:11)
  4 acid dragons
  15 water moccasins
  3 ice beasts
  2 black bears
  A sky beast (D:6)
  Duvessa (D:4)
  A necrophage (D:7)
  An orc warrior (D:10)
  An ogre (D:7)
  9 wolves
  5 centaurs
  A kobold brigand (D:9)
  4 bullfrogs
  2 gnoll sergeants
  Dowan (D:4)
  3 scorpions
  17 killer bees
  9 wights
  4 howler monkeys
  3 centaur zombies
  A bullfrog zombie (D:3)
  8 orc priests
  A jelly (D:4)
  3 hounds
  2 bullfrog skeletons
  3 iguanas
  8 orc wizards
  A killer bee zombie (D:6)
  A howler monkey zombie (D:8)
  29 gnolls
  A howler monkey skeleton (D:7)
  7 adders
  A shadow imp (D:7)
  An adder skeleton (D:4)
  2 worms
  2 dart slugs
  38 orcs
  9 ball pythons
  2 bats
  2 endoplasms
  4 giant cockroaches
  8 goblins
  9 hobgoblins
  6 jackals
  7 kobolds
  6 quokkas
  4 frilled lizards
  A jackal skeleton (D:4)
  A rat (D:2)
401 creatures vanquished.

Vanquished Creatures (collateral kills)
  4 death yaks
  A manticore (D:11)
  A dream sheep (Lair:6)
  A yak (Lair:6)
  A water moccasin (Lair:6)
  A gnoll sergeant (D:6)
  A wight (D:6)
  2 gnolls (D:6)
12 creatures vanquished.

Vanquished Creatures (others)
  15 fungi
  32 plants
47 creatures vanquished.

Grand Total: 460 creatures vanquished

Notes
Turn   | Place    | Note
-------+----------+-------------------------------------------
     0 | D:1      | ZombieSheep the Gnoll Wanderer began the quest for the Orb.
     0 | D:1      | ZombieSheep set off with the following items: a +2 spear, a
                  | scroll of teleportation, a +0 hand axe, a +0 robe
     0 | D:1      | Reached XP level 1. HP: 23/23 MP: 1/1
   566 | D:1      | Reached XP level 2. HP: 20/29 MP: 2/2
   882 | D:1      | Found a faded altar of an unknown god.
   917 | D:1      | Became a worshipper of Fedhas Madash
   917 | D:1      | Reached * piety under Fedhas
  1282 | D:2      | Reached XP level 3. HP: 33/35 MP: 3/3
  1297 | D:2      | Reached skill level 1 in Invocations
  1753 | D:2      | Reached skill level 1 in Short Blades
  1753 | D:2      | Reached skill level 1 in Long Blades
  1753 | D:2      | Reached skill level 1 in Maces & Flails
  1753 | D:2      | Reached skill level 1 in Staves
  1753 | D:2      | Reached skill level 1 in Slings
  1753 | D:2      | Reached skill level 1 in Bows
  1753 | D:2      | Reached skill level 1 in Crossbows
  1753 | D:2      | Reached skill level 1 in Dodging
  1753 | D:2      | Reached skill level 1 in Stealth
  1753 | D:2      | Reached skill level 1 in Shields
  1753 | D:2      | Reached skill level 1 in Unarmed Combat
  1753 | D:2      | Reached skill level 1 in Spellcasting
  1753 | D:2      | Reached skill level 1 in Evocations
  1875 | D:3      | Reached XP level 4. HP: 16/41 MP: 5/5
  1882 | D:3      | HP: 2/41 [gnoll (9)]
  2606 | D:3      | Reached skill level 1 in Conjurations
  2606 | D:3      | Reached skill level 1 in Hexes
  2606 | D:3      | Reached skill level 1 in Summonings
  2606 | D:3      | Reached skill level 1 in Necromancy
  2606 | D:3      | Reached skill level 1 in Translocations
  2606 | D:3      | Reached skill level 1 in Transmutations
  2606 | D:3      | Reached skill level 1 in Fire Magic
  2606 | D:3      | Reached skill level 1 in Ice Magic
  2606 | D:3      | Reached skill level 1 in Air Magic
  2606 | D:3      | Reached skill level 1 in Earth Magic
  2606 | D:3      | Reached skill level 1 in Poison Magic
  2615 | D:3      | Reached ** piety under Fedhas
  2616 | D:3      | Reached XP level 5. HP: 47/47 MP: 5/7
  3394 | D:3      | Found a white marble altar of Elyvilon.
  3646 | D:3      | Reached XP level 6. HP: 53/53 MP: 8/8
  4322 | D:4      | Reached skill level 5 in Throwing
  4481 | D:4      | Noticed Sigmund
  4664 | D:5      | Entered Level 5 of the Dungeon
  4864 | D:5      | Reached *** piety under Fedhas
  4865 | D:5      | Reached XP level 7. HP: 59/59 MP: 10/10
  6090 | D:6      | Reached XP level 8. HP: 36/67 MP: 12/12
  6320 | D:6      | Found a hazy altar of Hepliaklqana.
  6993 | D:6      | Found an ornate altar of the Wu Jian Council.
  7122 | D:6      | Noticed Prince Ribbit
  7167 | D:6      | Killed Prince Ribbit
  7231 | D:6      | Found a shadowy altar of Dithmenos.
  8188 | D:7      | Reached XP level 9. HP: 71/72 MP: 14/14
  8425 | D:7      | Found a bloodstained altar of Trog.
  8968 | D:7      | Reached skill level 5 in Axes
  8968 | D:7      | Reached skill level 5 in Armour
  9127 | D:7      | Found a staircase to the Ecumenical Temple.
  9179 | D:7      | Reached **** piety under Fedhas
  9709 | D:4      | Found an iron altar of Okawaru.
  9846 | D:4      | Killed Sigmund
  9933 | D:4      | Identified the +10 rapier "Pecel" {drain, rPois rCorr
                  | Dex+7}
  9939 | D:4      | Noticed Dowan
  9941 | D:4      | Noticed Duvessa
  9957 | D:4      | Killed Duvessa
  9960 | D:4      | Killed Dowan
 10489 | D:8      | Reached skill level 5 in Invocations
 10506 | D:8      | Found a hide-covered altar of Uskayaw.
 10870 | D:8      | Reached XP level 10. HP: 61/80 MP: 17/17
 11109 | D:9      | Reached skill level 5 in Short Blades
 11109 | D:9      | Reached skill level 5 in Long Blades
 11109 | D:9      | Reached skill level 5 in Maces & Flails
 11109 | D:9      | Reached skill level 5 in Staves
 11109 | D:9      | Reached skill level 5 in Slings
 11109 | D:9      | Reached skill level 5 in Bows
 11109 | D:9      | Reached skill level 5 in Crossbows
 11109 | D:9      | Reached skill level 5 in Dodging
 11109 | D:9      | Reached skill level 5 in Stealth
 11109 | D:9      | Reached skill level 5 in Shields
 11109 | D:9      | Reached skill level 5 in Unarmed Combat
 11109 | D:9      | Reached skill level 5 in Spellcasting
 11109 | D:9      | Reached skill level 5 in Evocations
 11432 | D:9      | Noticed Erica
 11442 | D:9      | Killed Erica
 11629 | D:9      | Reached ***** piety under Fedhas
 12252 | D:9      | Identified a scroll of acquirement
 12253 | D:9      | Acquired the ring of Uskayaw's Reproof {rElec Int+6 SInv}
 12271 | D:10     | Entered Level 10 of the Dungeon
 12279 | D:10     | Found a staircase to the Orcish Mines.
 12344 | D:10     | Found Liyclu's Antique Weapon Boutique.
 12351 | D:10     | Noticed a two-headed ogre
 12361 | D:10     | Killed a two-headed ogre
 12458 | D:10     | Found a blossoming altar of Fedhas.
 12479 | D:10     | Found the +9 staff of Olgreb {rPois∞}
 12481 | D:10     | Found a runed translucent door.
 12488 | D:10     | Noticed a wolf spider
 12489 | D:10     | Found a runed translucent gate.
 12489 | D:10     | Noticed a wolf spider
 12490 | D:10     | Found a runed translucent door.
 12495 | D:10     | Found a runed translucent gate.
 12503 | D:10     | Found a runed translucent gate.
 12505 | D:10     | Noticed a black mamba
 12505 | D:10     | Noticed a wolf spider
 12505 | D:10     | Noticed a wolf spider
 12532 | D:10     | Noticed a manticore
 12543 | D:10     | Killed a manticore
 12547 | D:10     | Reached XP level 11. HP: 48/87 MP: 19/19
 12814 | D:10     | Learned a level 3 spell: Mephitic Cloud
 12838 | D:10     | Found a shimmering altar of Xom.
 12914 | D:10     | Found a glowing silver altar of Zin.
 13229 | D:10     | Found a portal to a secret trove of treasure.
 13457 | D:11     | Noticed a boulder beetle
 13555 | D:11     | Reached skill level 5 in Conjurations
 13555 | D:11     | Reached skill level 5 in Hexes
 13555 | D:11     | Reached skill level 5 in Summonings
 13555 | D:11     | Reached skill level 5 in Necromancy
 13555 | D:11     | Reached skill level 5 in Translocations
 13555 | D:11     | Reached skill level 5 in Transmutations
 13555 | D:11     | Reached skill level 5 in Fire Magic
 13555 | D:11     | Reached skill level 5 in Ice Magic
 13555 | D:11     | Reached skill level 5 in Air Magic
 13555 | D:11     | Reached skill level 5 in Earth Magic
 13555 | D:11     | Reached skill level 5 in Poison Magic
 13620 | D:10     | HP: 4/89 [boulder beetle (11)]
 14081 | D:11     | Noticed a boulder beetle
 14101 | D:11     | Killed a boulder beetle
 14321 | D:11     | Noticed a death yak
 14338 | D:11     | Killed a death yak
 14619 | D:11     | Noticed a white ugly thing
 14627 | D:11     | Killed a white ugly thing
 14657 | D:11     | Noticed a death yak
 14661 | D:11     | Noticed a death yak
 14710 | D:11     | Killed a death yak
 14713 | D:11     | Killed a death yak
 14839 | D:11     | Found a staircase to the Lair.
 15020 | D:11     | Noticed Urug
 15026 | D:11     | Noticed a deep elf pyromancer
 15026 | D:11     | Noticed a manticore
 15110 | Lair:1   | Entered Level 1 of the Lair of Beasts
 15110 | Lair:1   | Found a shimmering blue altar of Sif Muna.
 15110 | Lair:1   | Noticed Grum
 15110 | Lair:1   | Noticed Joseph
 15147 | Lair:1   | Killed Grum
 15158 | Lair:1   | Killed Joseph
 15557 | Lair:1   | Reached XP level 12. HP: 96/96 MP: 22/22
 15572 | Lair:1   | Noticed Harold
 15592 | Lair:1   | Killed Harold
 16406 | Lair:2   | Found a hole to the Spider Nest.
 16435 | Lair:2   | Found a burning altar of Makhleb.
 16811 | Lair:3   | Noticed a five-headed hydra
 16824 | Lair:3   | Killed a five-headed hydra
 17503 | Lair:3   | Noticed Snorg
 17529 | Lair:3   | Killed Snorg
 17860 | Lair:3   | Reached skill level 10 in Fighting
 17860 | Lair:3   | Reached skill level 10 in Polearms
 18069 | Lair:3   | Noticed a five-headed hydra
 18079 | Lair:3   | Killed a five-headed hydra
 18352 | Lair:4   | Reached XP level 13. HP: 103/103 MP: 24/24
 18469 | Lair:4   | Found a staircase to the Shoals.
 18571 | Lair:4   | Learned a level 3 spell: Dazzling Flash
 19069 | Lair:5   | You fall into a shaft and drop 1 floor!
 19069 | Lair:6   | Entered Level 6 of the Lair of Beasts
 19199 | Lair:5   | Reached ****** piety under Fedhas
 20145 | Lair:6   | Reached XP level 14. HP: 110/111 MP: 26/26
 20165 | Lair:6   | Found a staircase to the Slime Pits.
 20165 | Lair:6   | Found a viscous altar of Jiyva.
 20274 | Lair:6   | Reached skill level 10 in Throwing
 20488 | Lair:6   | Noticed a dire elephant
 20504 | Lair:6   | Killed a dire elephant
 20541 | Lair:6   | Identified the ring "Kienaur" {rElec rPois rC- Str+2}
 20912 | D:11     | Reached skill level 10 in Invocations
 20961 | D:11     | Killed Urug
 22000 | D:13     | Noticed Kirke
 22212 | D:13     | You fall into a shaft and drop 2 floors!
 22212 | D:15     | Entered Level 15 of the Dungeon
 22213 | D:15     | Noticed Jorgrun
 22238 | D:15     | HP: 5/113 [Jorgrun (3)]
 22238 | D:15     | Slain by Jorgrun

Illustrated notes

Levels and vault maps discovered:
D:1:      amcnicky_arrival_underground_garden, layout_basic,
          chequers_ecumenical_altar_simple_redux
D:2:      layout_basic, minmay_split_cup_large
D:3:      layout_basic, mainiacjoe_overflow_concentric_impassable,
          portal_sewer_entry_a
D:4:      layout_cave_pods, okawaru_altar_gauntlet_db, chequers_avenue,
          uniq_duvessa, uniq_sigmund
D:5:      layout_cave_pools
D:6:      layout_loops_corners, nicolae_wu_jian_wuxing_cycle,
          amcnicky_altar_gilded, grunt_dithmenos_smoke_and_mirrors,
          kennysheep_generic_room_9, uniq_prince_ribbit1
D:7:      layout_loops_ring, kennysheep_mini_moat, minmay_temple_entry_overgrown
D:8:      layout_gridville, nicolae_uskayaw_dance_hall
D:9:      layout_stronghold, minmay_misc_feat_encased, uniq_erica
D:10:     layout_cave_pools, fedhas_altar_3, mainiacjoe_overflow_24_doors,
          lemuel_doored_altar, orc_0_dummy, serial_shops, nicolae_shop_stone,
          enter_trove_3, serial_column_ruins, column_ruins_hut_pillars,
          column_ruins_hut, column_ruins_grid_1, column_ruins_open_small,
          column_ruins_grid_1, kennysheep_doodads,
          minmay_guarded_unrand_staff_of_olgreb
D:11:     kennysheep_windowed_halls, layout_long_grid, dpeg_lair_monsters,
          uniq_urug
D:12:     layout_rooms, evilmike_butchery
D:13:     layout_irregular_city, uniq_kirke
D:15:     hangedman_depths_entry_civil_slaughter, layout_cave_pods,
          minmay_fountain_box, uniq_jorgrun
Lair:1:   layout_chaotic_city, basic_altar, uniq_grum, uniq_harold, uniq_joseph
Lair:2:   layout_regular_city, spider_nest_entry_a, basic_altar
Lair:3:   nzn_winding_woodlands_small [nzn_winding_woodlands_5x15_sidewinder,
          nzn_winding_woodlands_center_triple_pond,
          nzn_winding_woodlands_5x15_twine], layout_hall_layers, uniq_snorg
Lair:4:   layout_hall_layers, minmay_shoals_entry_lonely_mermaid, st_stairs_10
Lair:5:   layout_regular_city, beast_lair_carwin_7, lemuel_fruit_fields,
          grunt_megastairs_3
Lair:6:   grunt_lair_end_beastmaster, layout_big_grid, slime_altar_1,
          lemuel_fruit_fields

Skill      XL: |  1  2  3  4  5  6  7  8  9 10 11 12 13 14 |
---------------+-------------------------------------------+-----
Invocations    | 1 2 3 4 5 6 7 8 9 10 | 10.3
Short Blades   | 1 2 3 4 5 6 7 8 9 |  9.5
Long Blades    | 1 2 3 4 5 6 7 8 9 |  9.5
Maces & Flails | 1 2 3 4 5 6 7 8 9 |  9.5
Staves         | 1 2 3 4 5 6 7 8 9 |  9.5
Slings         | 1 2 3 4 5 6 7 8 9 |  9.5
Bows           | 1 2 3 4 5 6 7 8 9 |  9.5
Crossbows      | 1 2 3 4 5 6 7 8 9 |  9.5
Dodging        | 1 2 3 4 5 6 7 8 9 |  9.5
Stealth        | 1 2 3 4 5 6 7 8 9 |  9.5
Shields        | 1 2 3 4 5 6 7 8 9 |  9.5
Unarmed Combat | 1 2 3 4 5 6 7 8 9 |  9.5
Spellcasting   | 1 2 3 4 5 6 7 8 9 |  9.5
Evocations     | 1 2 3 4 5 6 7 8 9 |  9.5
Conjurations   | 1 2 3 4 5 6 7 |  7.9
Hexes          | 1 2 3 4 5 6 7 |  7.9
Summonings     | 1 2 3 4 5 6 7 |  7.9
Necromancy     | 1 2 3 4 5 6 7 |  7.9
Translocations | 1 2 3 4 5 6 7 |  7.9
Transmutations | 1 2 3 4 5 6 7 |  7.9
Fire Magic     | 1 2 3 4 5 6 7 |  7.9
Ice Magic      | 1 2 3 4 5 6 7 |  7.9
Air Magic      | 1 2 3 4 5 6 7 |  7.9
Earth Magic    | 1 2 3 4 5 6 7 |  7.9
Poison Magic   | 1 2 3 4 5 6 7 |  7.9
Axes           | 3 4 5 6 7 8 9 |  9.8
Armour         | 3 4 5 6 7 8 9 |  9.8
Throwing       | 5 6 7 8 9 10 | 10.5
Fighting       | 7 8 9 10 11 | 11.3
Polearms       | 7 8 9 10 11 | 11.3

Action                   |  1- 3 |  4- 6 |  7- 9 | 10-12 | 13-15 || total
-------------------------+-------+-------+-------+-------+-------++-------
Melee: Spear             |   110 |   188 |   480 |       |       ||   778
       Bite              |    12 |    15 |    50 |    67 |    99 ||   243
       Dagger            |       |       |    13 |       |       ||    13
       Punch             |       |       |     5 |    11 |       ||    16
       Rapier            |       |       |    55 |   418 |   568 ||  1041
 Fire: Hand crossbow     |       |       |       |     3 |       ||     3
Throw: Boomerang         |     3 |    13 |    32 |    41 |       ||    89
       Javelin           |       |       |       |     8 |    10 ||    18
       Throwing net      |       |       |       |     2 |     1 ||     3
 Cast: Mephitic Cloud    |       |       |       |     1 |     4 ||     5
       Dazzling Flash    |       |       |       |       |     2 ||     2
Invok: Wall of Briars    |       |       |     2 |     2 |       ||     4
       Grow Oklob        |       |       |       |     1 |     4 ||     5
  Use: Scroll            |     6 |     1 |    10 |    10 |     6 ||    33
       Potion            |     1 |     1 |     2 |     2 |       ||     6
 Stab: Sleeping          |     1 |     1 |       |    12 |    12 ||    26
       Distracted        |       |       |       |     1 |     7 ||     8
       Confused          |       |       |       |     1 |     1 ||     2
       Held in net/web   |       |       |       |     2 |       ||     2
Armor: Robe              |     2 |       |       |       |       ||     2
       Leather armour    |     9 |    34 |    11 |       |       ||    54
       Ring mail         |       |       |    19 |       |       ||    19
       Scale mail        |       |       |    94 |       |       ||    94
       Steam dragon scal |       |       |       |   138 |       ||   138
       Troll leather arm |       |       |       |    26 |   182 ||   208
Dodge: Dodged            |    30 |    70 |   163 |   318 |   323 ||   904
Block: Buckler           |       |       |       |    37 |   200 ||   237
       Reflection        |       |       |       |       |     1 ||     1
